PBL
CHICAGO CUBS @ COLORADO ROCKIES
08/09/2071
 
TOP OF THE 1ST
Chicago Cubs batting - Pitching for Colorado Rockies : RHP José Franco
Pitching: RHP José Franco
Batting: RHB Ángelo Chávez 0-0: Ball
1-0: Called Strike
1-1: Fly out, F8 (Flyball, 8LD, EV 95.6 MPH)
Batting: LHB Yan Peltier 0-0: Ball
1-0: Foul Ball, location: 5DF
1-1: Ground out 5-3 (Groundball, 56S, EV 87.5 MPH)
Batting: SHB Jesús Mora 0-0: DOUBLE (Line Drive, 78D, EV 97.5 MPH)
Batting: SHB George Moore 0-0: Foul Ball, location: 7LDF
0-1: Ball
1-1: Called Strike
1-2: Ball
2-2: Strikes out swinging
Top of the 1st over - 0 runs, 1 hit, 0 errors, 1 left on base; Chicago 0 - Colorado 0
BOTTOM OF THE 1ST
Colorado Rockies batting - Pitching for Chicago Cubs : LHP Damian Williams
Pitching: LHP Damian Williams
Batting: RHB Cedric McNeill 0-0: Ball
1-0: Ball
2-0: Ball
3-0: Called Strike
3-1: Base on Balls
Batting: RHB Vernon Frabizio 0-0: Bunted foul
0-1: Sac Bunt to 25 - play at first, batter OUT! 5-3
Cedric McNeill to second
Batting: RHB Chip Smith 0-0: Ball
1-0: Ball
2-0: Fly out, F3 (Popup, 3S, EV 83.1 MPH)
Batting: LHB Kokei Kobayashi 0-0: Swinging Strike
0-1: Ball
1-1: Swinging Strike
1-2: Ball
2-2: Strikes out swinging
Bottom of the 1st over - 0 runs, 0 hits, 0 errors, 1 left on base; Chicago 0 - Colorado 0
TOP OF THE 2ND
Chicago Cubs batting - Pitching for Colorado Rockies : RHP José Franco
Batting: RHB Pedro Hernández 0-0: Ball
1-0: Called Strike
1-1: Ball
2-1: Ball
3-1: Base on Balls
Batting: SHB Michael Davidson 0-0: Swinging Strike
0-1: Foul Ball, location: 2F
0-2: Ball
1-2: Foul Ball, location: 9LDF
1-2: 2-RUN HOME RUN (Flyball, 9D, EV 96.9 MPH), Distance : 388 ft
Batting: RHB Robert Picot 0-0: Called Strike
0-1: Called Strike
0-2: Ball
1-2: Strikes out swinging
Batting: RHB Iván Valpreda 0-0: Called Strike
0-1: Foul Ball, location: 23F
0-2: Foul Ball, location: 3F
0-2: Ball
1-2: Strikes out swinging
Batting: LHB Tony Figueroa 0-0: Fly out, F7 (Flyball, 7, EV 92.5 MPH)
Top of the 2nd over - 2 runs, 1 hit, 0 errors, 0 left on base; Chicago 2 - Colorado 0
BOTTOM OF THE 2ND
Colorado Rockies batting - Pitching for Chicago Cubs : LHP Damian Williams
Batting: RHB Roberto Marín 0-0: Foul Ball, location: 5FF
0-1: Swinging Strike
0-2: Ball
1-2: Foul Ball, location: 3F
1-2: Ball
2-2: Fly out, F2 (Popup, 23F, EV 93.8 MPH)
Batting: RHB Felipe Andrade 0-0: Called Strike
0-1: Called Strike
0-2: Ball
1-2: Fly out, F8 (Line Drive, 8RM, EV 92.5 MPH)
Batting: SHB William Pearson 0-0: Foul Ball, location: 2F
0-1: Swinging Strike
0-2: Ball
1-2: Fly out, F4 (Popup, 34S, EV 81.9 MPH)
Bottom of the 2nd over - 0 runs, 0 hits, 0 errors, 0 left on base; Chicago 2 - Colorado 0
TOP OF THE 3RD
Chicago Cubs batting - Pitching for Colorado Rockies : RHP José Franco
Batting: RHB Ángelo Chávez 0-0: Ball
1-0: Ball
2-0: Ground out 6-3 (Groundball, 6, EV 86.3 MPH)
Batting: LHB Yan Peltier 0-0: Ball
1-0: Called Strike
1-1: Ball
2-1: Ball
3-1: Called Strike
3-2: Foul Ball, location: 2F
3-2: Base on Balls
Batting: SHB Jesús Mora 0-0: Ball
1-0: Called Strike
Yan Peltier steals 2nd base (no throw)
1-1: Ball
2-1: Called Strike
2-2: Fly out, F8 (Line Drive, 89M, EV 88.1 MPH)
Batting: SHB George Moore 0-0: Ball
1-0: Swinging Strike
1-1: Ball
Yan Peltier steals 3rd base
2-1: Swinging Strike
2-2: SINGLE (Groundball, 4MD, EV 94.4 MPH)
Yan Peltier scores
Batting: RHB Pedro Hernández 0-0: Ball
1-0: Ball
2-0: Fielders Choice at 2nd, 5-4 (Groundball, 5, EV 99.4 MPH)
Top of the 3rd over - 1 run, 1 hit, 0 errors, 1 left on base; Chicago 3 - Colorado 0
BOTTOM OF THE 3RD
Colorado Rockies batting - Pitching for Chicago Cubs : LHP Damian Williams
Batting: SHB Forbes Utting 0-0: Called Strike
0-1: Ball
1-1: SINGLE (Groundball, 4MD, EV 104.4 MPH)
Batting: LHB Ángel Hernández 0-0: Called Strike
0-1: Fly out, F8 (Flyball, 8RD, EV 99.4 MPH)
Batting: RHB Cedric McNeill 0-0: Ball
1-0: Fielders Choice at 2nd, 4-6 (Groundball, 4, EV 90.0 MPH)
Batting: RHB Vernon Frabizio 0-0: Ball
1-0: Foul Ball, location: 2F
1-1: Ball
2-1: Ground out 4-3 (Groundball, 34, EV 82.5 MPH)
Bottom of the 3rd over - 0 runs, 1 hit, 0 errors, 1 left on base; Chicago 3 - Colorado 0
TOP OF THE 4TH
Chicago Cubs batting - Pitching for Colorado Rockies : RHP José Franco
Batting: SHB Michael Davidson 0-0: Called Strike
0-1: Ball
1-1: Ball
2-1: Ball
3-1: Ground out 4-3 (Groundball, 34D, EV 95.6 MPH)
Batting: RHB Robert Picot 0-0: SINGLE (Line Drive, 34, EV 105.6 MPH)
Batting: RHB Iván Valpreda 0-0: Ball
1-0: Fly out, F2 (Popup, 2RF, EV 83.1 MPH)
Batting: LHB Tony Figueroa 0-0: Called Strike
0-1: Ball
1-1: DOUBLE (Flyball, 89D, EV 89.4 MPH)
Robert Picot to third
Batting: RHB Ángelo Chávez 0-0: Foul Ball, location: 2F
0-1: Foul Ball, location: 2F
0-2: Ball
1-2: Strikes out swinging
Top of the 4th over - 0 runs, 2 hits, 0 errors, 2 left on base; Chicago 3 - Colorado 0
BOTTOM OF THE 4TH
Colorado Rockies batting - Pitching for Chicago Cubs : LHP Damian Williams
Batting: RHB Chip Smith 0-0: Ball
1-0: Foul Ball, location: 7LMF
1-1: Foul Ball, location: 2F
1-2: Ball
2-2: Fly out, F7 (Flyball, 7D, EV 99.4 MPH)
Batting: LHB Kokei Kobayashi 0-0: Ball
1-0: Called Strike
1-1: Foul Ball, location: 2F
1-2: Strikes out looking
Batting: RHB Roberto Marín 0-0: Swinging Strike
0-1: Called Strike
0-2: SINGLE (Flyball, 4MD, EV 85.6 MPH)
Batting: RHB Felipe Andrade 0-0: Called Strike
Roberto Marín steals 2nd base
0-1: Ball
1-1: Ball
2-1: Foul Ball, location: 2F
2-2: Ball
3-2: Foul Ball, location: 2F
3-2: Foul Ball, location: 2F
3-2: Foul Ball, location: 7LSFF
3-2: Base on Balls
Batting: SHB William Pearson 0-0: Ball
1-0: Swinging Strike
1-1: Ball
2-1: Fly out, F8 (Flyball, 8RXD, EV 106.3 MPH)
Bottom of the 4th over - 0 runs, 1 hit, 0 errors, 2 left on base; Chicago 3 - Colorado 0
TOP OF THE 5TH
Chicago Cubs batting - Pitching for Colorado Rockies : RHP José Franco
Batting: LHB Yan Peltier 0-0: Ball
1-0: Foul Ball, location: 2F
1-1: Ball
2-1: Ball
3-1: Swinging Strike
3-2: Foul Ball, location: 2F
3-2: Strikes out swinging
Batting: SHB Jesús Mora 0-0: Ball
1-0: DOUBLE (Line Drive, 89D, EV 109.4 MPH)
Batting: SHB George Moore 0-0: Ball
1-0: Called Strike
1-1: Ball
2-1: Foul Ball, location: 7LDF
2-2: Fly out, F8 (Flyball, 8LD, EV 101.9 MPH)
Batting: RHB Pedro Hernández 0-0: Called Strike
0-1: Ball
1-1: Ball
2-1: Ball
3-1: Called Strike
3-2: Fly out, F8 (Flyball, 89S, EV 88.1 MPH)
Top of the 5th over - 0 runs, 1 hit, 0 errors, 1 left on base; Chicago 3 - Colorado 0
BOTTOM OF THE 5TH
Colorado Rockies batting - Pitching for Chicago Cubs : LHP Damian Williams
Batting: SHB Forbes Utting 0-0: Called Strike
0-1: Ground out 6-3 (Groundball, 6, EV 81.3 MPH)
Batting: LHB Ángel Hernández 0-0: Ground out 3-1 (Groundball, 34, EV 86.3 MPH)
Batting: RHB Cedric McNeill 0-0: Ball
1-0: Ball
2-0: Foul Ball, location: 3F
2-1: Called Strike
2-2: Ball
3-2: Ground out 3-1 (Groundball, 34, EV 82.5 MPH)
Bottom of the 5th over - 0 runs, 0 hits, 0 errors, 0 left on base; Chicago 3 - Colorado 0
TOP OF THE 6TH
Chicago Cubs batting - Pitching for Colorado Rockies : RHP José Franco
Batting: SHB Michael Davidson 0-0: Called Strike
0-1: Ball
1-1: Foul Ball, location: 3FF
1-2: Strikes out swinging
Pitching: RHP Alfred Bailey
Batting: RHB Robert Picot 0-0: Ball
1-0: Foul Ball, location: 2F
1-1: Foul Ball, location: 9LMF
1-2: Foul Ball, location: 2F
1-2: Foul Ball, location: 2F
1-2: Fly out, F7 (Line Drive, 7D, EV 110.0 MPH)
Batting: RHB Iván Valpreda 0-0: Fly out, F3 (Popup, 3F, EV 65.0 MPH)
Top of the 6th over - 0 runs, 0 hits, 0 errors, 0 left on base; Chicago 3 - Colorado 0
BOTTOM OF THE 6TH
Colorado Rockies batting - Pitching for Chicago Cubs : LHP Damian Williams
Batting: RHB Vernon Frabizio 0-0: Ball
1-0: Fly out, F8 (Flyball, 8RD, EV 83.1 MPH)
Batting: RHB Chip Smith 0-0: Called Strike
0-1: Ball
1-1: Ball
2-1: Called Strike
2-2: Fly out, F7 (Flyball, 7, EV 88.8 MPH)
Batting: LHB Kokei Kobayashi 0-0: Foul Ball, location: 9LDF
0-1: Foul Ball, location: 3FF
0-2: Ball
1-2: Ball
2-2: Fly out, F8 (Line Drive, 8LS, EV 110.0 MPH)
Bottom of the 6th over - 0 runs, 0 hits, 0 errors, 0 left on base; Chicago 3 - Colorado 0
TOP OF THE 7TH
Chicago Cubs batting - Pitching for Colorado Rockies : RHP Alfred Bailey
Batting: LHB Tony Figueroa 0-0: Ball
1-0: DOUBLE (Line Drive, 8LD, EV 107.5 MPH)
Batting: RHB Ángelo Chávez 0-0: Foul Ball, location: 3F
0-1: Foul Ball, location: 2F
0-2: Ball
1-2: Foul Ball, location: 5F
1-2: Ball
2-2: SINGLE (Line Drive, 89S, EV 98.8 MPH)
Tony Figueroa to third
Runner from 3rd tries for Home, SAFE, throw by CF to home
Batting: LHB Yan Peltier 0-0: Ball
1-0: Ball
2-0: Ball
3-0: Foul Ball, location: 7LDF
3-1: Base on Balls
Ángelo Chávez to second
Batting: SHB Jesús Mora 0-0: Called Strike
0-1: Ball
1-1: Foul Ball, location: 23F
1-2: DOUBLE (Groundball, 5L, EV 101.9 MPH)
Ángelo Chávez scores
Yan Peltier to third
Runner from 3rd tries for Home, SAFE, throw by LF to home
Pitching: RHP Yasushi Fujita
Batting: SHB George Moore 0-0: Ball
1-0: Foul Ball, location: 2F
1-1: Ground out 4-3 (Groundball, 4, EV 90.6 MPH)
Jesús Mora to third
Batting: RHB Pedro Hernández 0-0: DOUBLE (Flyball, 8RXD, EV 111.9 MPH)
Jesús Mora scores
Batting: SHB Michael Davidson 0-0: Called Strike
0-1: Foul Ball, location: 2F
0-2: Ground out 4-3 (Groundball, 4, EV 85.6 MPH)
Pedro Hernández to third
Batting: RHB Robert Picot 0-0: Foul Ball, location: 2F
0-1: Ground out 5-3 (Groundball, 56, EV 93.1 MPH)
Top of the 7th over - 4 runs, 4 hits, 0 errors, 1 left on base; Chicago 7 - Colorado 0
BOTTOM OF THE 7TH
Colorado Rockies batting - Pitching for Chicago Cubs : LHP Damian Williams
Pitching: RHP Michael Riley
Batting: RHB Roberto Marín 0-0: Swinging Strike
0-1: Called Strike
0-2: Foul Ball, location: 2F
0-2: Ball
1-2: Fly out, F8 (Flyball, 8RM, EV 91.3 MPH)
Batting: RHB Felipe Andrade 0-0: Ball
1-0: Ball
2-0: Ball
3-0: Called Strike
3-1: Swinging Strike
3-2: Base on Balls
Batting: SHB William Pearson 0-0: Called Strike
0-1: Ball
1-1: Called Strike
1-2: Ball
2-2: SINGLE (Groundball, 4MD, EV 101.9 MPH)
Felipe Andrade to second
Runner from 2nd tries for 3rd, SAFE, no throw by CF
Batting: SHB Forbes Utting 0-0: Ball
1-0: Foul Ball, location: 2F
1-1: Called Strike
1-2: SINGLE (Groundball, 4MD, EV 101.9 MPH)
Felipe Andrade scores
William Pearson to second
Batting: LHB Ángel Hernández 0-0: Ball
1-0: Called Strike
1-1: Ball
2-1: Grounds out, U3 (Groundball, 3L, EV 78.8 MPH)
William Pearson to third
Batting: RHB Cedric McNeill 0-0: Foul Ball, location: 25FF
0-1: Ball
1-1: Called Strike
1-2: Strikes out looking
Bottom of the 7th over - 1 run, 2 hits, 0 errors, 2 left on base; Chicago 7 - Colorado 1
TOP OF THE 8TH
Chicago Cubs batting - Pitching for Colorado Rockies : RHP Yasushi Fujita
Batting: RHB Iván Valpreda 0-0: Swinging Strike
0-1: Ball
1-1: Foul Ball, location: 9LMF
1-2: Foul Ball, location: 2F
1-2: Strikes out swinging
Batting: LHB Tony Figueroa 0-0: Ball
1-0: TRIPLE (Line Drive, 89XD, EV 107.5 MPH)
Batting: RHB Ángelo Chávez 0-0: Called Strike
0-1: Foul Ball, location: 3DF
0-2: Ball
1-2: DOUBLE (Line Drive, 78D, EV 105.6 MPH)
Tony Figueroa scores
Batting: LHB Yan Peltier 0-0: Ball
1-0: Foul Ball, location: 25FF
1-1: Called Strike
1-2: SINGLE (Line Drive, 9LS, EV 89.4 MPH)
Ángelo Chávez to third
Pinch Hitting: RHB José Rodríguez 0-0: Called Strike
Yan Peltier steals 2nd base (no throw)
0-1: Ball
1-1: Foul Ball, location: 2F
1-2: Ball
2-2: Reached on error, E6 (Groundball, 6S, EV 81.9 MPH)
Ángelo Chávez scores
Batting: SHB George Moore 0-0: Called Strike
0-1: Foul Ball, location: 25FF
0-2: Ball
1-2: Ball
2-2: Fly out, F7 (Flyball, 7LD, EV 86.9 MPH)
Batting: RHB Pedro Hernández 0-0: Foul Ball, location: 2F
0-1: Ball
1-1: Called Strike
1-2: Ball
Wild Pitch!
Yan Peltier to third
José Rodríguez to second
2-2: Fly out, F9 (Flyball, 9LSF, EV 89.4 MPH)
Top of the 8th over - 2 runs, 3 hits, 1 error, 2 left on base; Chicago 9 - Colorado 1
BOTTOM OF THE 8TH
Colorado Rockies batting - Pitching for Chicago Cubs : RHP Michael Riley
Pitching: RHP Ricardo Ramírez
Now at 2B: José Rodríguez
Batting: RHB Vernon Frabizio 0-0: Ball
1-0: Called Strike
1-1: Ball
2-1: Ground out 5-3 (Groundball, 5L, EV 105.0 MPH)
Batting: RHB Chip Smith 0-0: Ball
1-0: Ground out 5-3 (Groundball, 56, EV 75.6 MPH)
Batting: LHB Kokei Kobayashi 0-0: Ball
1-0: SOLO HOME RUN (Flyball, 78XD, EV 98.8 MPH), Distance : 399 ft
Batting: RHB Roberto Marín 0-0: Ball
1-0: SINGLE (Groundball, 56S, EV 68.8 MPH) (infield hit)
Batting: RHB Felipe Andrade 0-0: Called Strike
0-1: Foul Ball, location: 2F
0-2: Ball
1-2: 2-RUN HOME RUN (Flyball, 7D, EV 104.4 MPH), Distance : 376 ft
Pitching: LHP Jason Gilbert
Batting: SHB William Pearson 0-0: Ball
1-0: Ground out 4-3 (Groundball, 4, EV 90.6 MPH)
Bottom of the 8th over - 3 runs, 3 hits, 0 errors, 0 left on base; Chicago 9 - Colorado 4
TOP OF THE 9TH
Chicago Cubs batting - Pitching for Colorado Rockies : RHP Yasushi Fujita
Pitching: RHP Daniel Reynolds
Batting: SHB Michael Davidson 0-0: Called Strike
0-1: Ground out 3-1 (Groundball, 34S, EV 90.0 MPH)
Batting: RHB Robert Picot 0-0: Called Strike
0-1: Ball
1-1: Ground out 4-3 (Groundball, 4, EV 84.4 MPH)
Batting: RHB Iván Valpreda 0-0: Foul Ball, location: 9LDF
0-1: Foul Ball, location: 7LSF
0-2: Ball
1-2: Ball
2-2: Ball
3-2: Foul Ball, location: 2RF
3-2: Foul Ball, location: 2F
3-2: Foul Ball, location: 9LSF
3-2: Base on Balls
Batting: LHB Tony Figueroa 0-0: Called Strike
0-1: Ball
1-1: DOUBLE (Flyball, 8RD, EV 88.1 MPH)
Iván Valpreda to third
Batting: RHB Ángelo Chávez 0-0: Ball
1-0: Ball
2-0: Called Strike
2-1: Ground out 5-3 (Groundball, 5L, EV 82.5 MPH)
Top of the 9th over - 0 runs, 1 hit, 0 errors, 2 left on base; Chicago 9 - Colorado 4
BOTTOM OF THE 9TH
Colorado Rockies batting - Pitching for Chicago Cubs : LHP Jason Gilbert
Batting: SHB Forbes Utting 0-0: Ball
1-0: Foul Ball, location: 3SF
1-1: Ground out 6-3 (Groundball, 6S, EV 68.1 MPH)
Pinch Hitting: RHB Patrick Hammond 0-0: Foul Ball, location: 9LSF
0-1: Called Strike
0-2: Foul Ball, location: 2F
0-2: Ball
1-2: Ball
2-2: Strikes out looking and he physically ARGUES THE CALL AND IS TOSSED!
Batting: RHB Cedric McNeill 0-0: Ball
1-0: Called Strike
1-1: Ball
2-1: Ball
3-1: Swinging Strike
3-2: Fly out, F9 (Flyball, 9, EV 83.8 MPH)
Bottom of the 9th over - 0 runs, 0 hits, 0 errors, 0 left on base; Chicago 9 - Colorado 4
Thursday, May 2nd , 2024 - OOTP Baseball 24.10 Build 82